 Dungeon Crawl Stone Soup version bcrawl-1.13.5 (webtiles) character file.

Game seed: 13478355213361170829

169 DawwaD the Twirler (level 5, 0/39 HPs)
             Began as a Human Wanderer on Aug 28, 2019.
             Slain by an orc
             ... wielding a +0 mace
              (10 damage)
             ... on level 3 of the Dungeon.
             The game lasted 00:14:46 (3462 turns).

DawwaD the Twirler (Human Wanderer)                 Turns: 3462, Time: 00:14:47

Health: 0/39       AC:  3    Str:  9    XL:     5   Next: 79%
Magic:  3/7        EV: 12    Int: 16    God:
Gold:   166        SH:  0    Dex: 13    Spells: 1/7 levels left

rFire    + . .     SeeInvis .   c - +0 quarterstaff
rCold    + . .     Gourm    .   (shield currently unavailable)
rNeg     . . .     Faith    .   d - +0 robe
rPois    +         Spirit   .   a - +0 helmet
rElec    +         Reflect  .   (no cloak)
rCorr    +         Harm     .   (no gloves)
MR       .....                  (no boots)
Stlth    ++........             (no amulet)
HPRegen  0.13/turn              (no ring)
MPRegen  0.10/turn              (no ring)

@: resistant
A: no striking features
a: no special abilities


You were on level 3 of the Dungeon.
You were not hungry.

You visited 1 branch of the dungeon, and saw 3 of its levels.

You collected 166 gold pieces.

Inventory:

Hand Weapons
 c - a +0 quarterstaff (weapon)
Armour
 a - a +0 helmet (worn)
 d - a +0 robe (worn)
Scrolls
 e - 2 scrolls of identify
 h - a scroll of enchant armour {unknown}
 l - a scroll of teleportation {unknown}
 m - 2 scrolls of noise {unknown}
Potions
 b - a potion of degeneration {unknown}
 g - a potion of mutation {unknown}
 i - a potion of heal wounds {unknown}
 j - a potion of agility {unknown}
Comestibles
 f - 8 rations {!d}


   Skills:
 + Level 2.5 Fighting
 + Level 4.5 Staves
 + Level 1.4 Dodging
 + Level 1.7 Stealth
 + Level 1.8 Spellcasting
 + Level 1.8 Conjurations
 + Level 3.2 Fire Magic
   Level 1.2 Evocations


You had one spell level left.
You knew the following spells:

 Your Spells              Type           Power        Failure   Level  Hunger
a - Flame Tongue          Conj/Fire      #....        8%          1    ##.....
b - Fireball              Conj/Fire      #.........   91%         5    ######.

Your spell library contained the following spells:

 Spells                   Type           Power        Failure   Level  Hunger
 Conjure Flame            Conj/Fire      #.......     22%         3    ####...
 Inner Flame              Hex/Fire       N/A          32%         3    ####...
 Sticky Flame             Conj/Fire      #.......     58%         4    #####..


Dungeon Overview and Level Annotations

Branches:
Dungeon (3/12)

Altars:


Message History

The orc wizard hits you with a +0 dagger.
The orc hits you with a +0 mace.
You barely miss the orc wizard.
The orc wizard is almost dead.
The orc wizard closely misses you. The orc misses you.
The orc closely misses you. The orc wizard barely misses you.
You hit the orc wizard.
You kill the orc wizard!
The orc hits you but does no damage. The orc barely misses you.
The orc wizard casts a spell at you. You resist with some effort.
Things that are here:
a +0 dagger; a +0 robe You feel protected.
The orc closely misses you.
The orc wizard points at you and mumbles some strange words.
The magic dart hits you!
* * * LOW HITPOINT WARNING * * *
The orc hits you with a +0 mace!
You die...

÷..÷....<###.#######
##...## ..##...#.###.#
###..## ####...#.....#
##..## ##...#.###...# ##...
...###[# #...### ###.
.......####....######## #.
.#####.>.......##.....##
###. .#
####........o)....## #...
.# #........@o......# #...
## #.........o..)...# #...
#................# #...
#................# #... ##
#................# #...
.#######..................
#...
...........................
#...
#########......##.....###..
#....###


You could see an orc wizard and 2 orcs.

Vanquished Creatures
  2 orc wizards
  Robin (D:3)
  2 adders
  An ooze (D:2)
  5 dart slugs
  A leopard gecko (D:1)
  5 orcs
  3 bats
  2 giant cockroaches
  11 goblins
  8 hobgoblins
  6 jackals
  8 kobolds
  2 frilled lizards (D:1)
  5 rats
  A plant (D:2)
63 creatures vanquished.

Notes
Turn   | Place    | Note
-------+----------+-------------------------------------------
     0 | D:1      | DawwaD the Human Wanderer began the quest for the Orb.
     0 | D:1      | DawwaD set off with the following items: a +0 falchion, a
                  | +0 quarterstaff, a +0 robe, a ration {!d}; and the
                  | following spell memorised: Flame Tongue; and the following
                  | spells available to memorise: Conjure Flame, Inner Flame,
                  | Sticky Flame, Fireball
     0 | D:1      | Reached XP level 1. HP: 16/16 MP: 2/2
   288 | D:1      | Reached XP level 2. HP: 19/22 MP: 1/3
   540 | D:1      | Reached XP level 3. HP: 26/27 MP: 2/4
   634 | D:1      | Reached skill level 4 in Staves
  1232 | D:2      | Reached XP level 4. HP: 24/33 MP: 1/5
  1391 | D:2      | Reached skill level 1 in Conjurations
  1826 | D:2      | Reached skill level 1 in Dodging
  2503 | D:3      | Reached XP level 5. HP: 22/38 MP: 4/7
  2754 | D:3      | Learned a level 5 spell: Fireball
  3021 | D:3      | Noticed Robin
  3046 | D:3      | Killed Robin
  3462 | D:3      | Slain by an orc

Skill      XL: |  1  2  3  4 |
---------------+-------------+-----
Staves         | 4 |  4.5
Conjurations   | 1 |  1.8
Fire Magic     | 3 |  3.2
Dodging        | 1 |  1.4
Fighting       | |  2.5
Stealth        | |  1.7
Spellcasting   | |  1.8
Evocations     | |  1.2

Action                   |  1- 3 |  4- 6 || total
-------------------------+-------+-------++-------
Melee: Quarterstaff      |    45 |    94 ||   139
 Cast: Flame Tongue      |    26 |    44 ||    70
  Use: Scroll            |       |     2 ||     2
       Potion            |       |     1 ||     1
 Stab: Sleeping          |       |     1 ||     1
  Eat: Chunk             |     2 |     1 ||     3
       Ration            |       |     2 ||     2
Armor: Robe              |    12 |    16 ||    28
Dodge: Dodged            |    42 |    50 ||    92
